 Dungeon Crawl Stone Soup version 0.18.1-8-gdd0e5ea (webtiles) character file.

7268 Quirk the Protected (level 10, -10/91 HPs)
             Began as a Minotaur Fighter on June 9, 2016.
             Was an Elder of Okawaru.
             Killed from afar by an electric eel (11 damage)
             ... with a bolt of electricity
             ... on level 11 of the Dungeon.
             The game lasted 00:27:26 (9536 turns).

Quirk the Protected (Minotaur Fighter)              Turns: 9536, Time: 00:27:28

Health: -10/91     AC:  7    Str: 25    XL:     10   Next: 89%
Magic:  11/11      EV: 14    Int:  5    God:    Okawaru [****..]
Gold:   698        SH: 12    Dex:  9    Spells: 0 memorised, 9 levels left

rFire  . . .     SeeInvis .     X - +1 hand axe (vamp)
rCold  . . .     Gourm    .     R - +2 leather armour {rN+}
rNeg   + . .     Faith    .     c - +0 shield
rPois  .         Spirit   .     (helmet restricted)
rElec  .         Dismiss  .     (no cloak)
rCorr  .         Reflect  .     (no gloves)
SustAt .         Harm     .     W - +0 pair of boots
MR     +....                    q - amulet of regeneration
Stlth  +.........               A - ring of protection from magic
                                Z - +1 ring of evasion

@: somewhat resistant to hostile enchantments, very unstealthy
A: retaliatory headbutt, horns 2
a: Heroism, Renounce Religion


You were on level 11 of the Dungeon.
You worshipped Okawaru.
Okawaru was greatly pleased with you.
You were not hungry.

You visited 2 branches of the dungeon, and saw 12 of its levels.

You collected 698 gold pieces.

Inventory:

Hand Weapons
 a - a +0 war axe of venom
 w - a +0 flail of protection
 H - a +1 mace of holy wrath
 O - a +0 whip of pain
 X - a +1 vampiric hand axe (weapon)
Missiles
 D - 8 javelins of returning (quivered)
 Y - a throwing net
Armour
 c - a +0 shield (worn)
 R - a +2 leather armour of positive energy (worn)
 S - the +0 robe "Kucleg" {MR+ Dex+4}
   (You found it on level 8 of the Dungeon)

   It affects your dexterity (+4).
   It affects your resistance to hostile enchantments.
 W - a +0 pair of boots (worn)
Jewellery
 q - an amulet of regeneration (around neck)
 y - an uncursed ring of positive energy
 A - a ring of protection from magic (right hand)
 J - an uncursed ring of flight
 Q - an uncursed ring of protection from fire
 T - a +5 amulet of reflection {unknown}
 Z - a +1 ring of evasion (left hand)
Wands
 d - a wand of hasting (5/9)
 i - a wand of flame (9/48)
 j - a wand of lightning (5/15)
 F - a wand of polymorph (6/24)
 N - a wand of slowing (11/48)
 V - a wand of slowing (22/48)
Scrolls
 b - a scroll of blinking
 l - 6 scrolls of identify
 n - 4 scrolls of teleportation
 v - 5 scrolls of remove curse
 x - 4 scrolls of magic mapping
Potions
 e - 2 potions of magic {unknown}
 k - a potion of flight {unknown}
 m - a potion of mutation {unknown}
 r - a potion of brilliance {unknown}
 s - 3 potions of cancellation {unknown}
 u - 2 potions of lignification {unknown}
 z - a potion of invisibility {unknown}
 B - a potion of resistance {unknown}
 C - 2 potions of agility {unknown}
 G - 2 potions of berserk rage {unknown}
 K - a potion of curing
 L - a potion of haste {unknown}
 M - a potion of might
Miscellaneous
 U - a plain deck of defence
Comestibles
 f - 9 bread rations
 g - 11 fruits
 h - 7 chunks of flesh
 p - 6 meat rations
 t - 4 beef jerkies


   Skills:
 + Level 9.3 Fighting
 + Level 8.6 Axes
 + Level 9.5 Armour
 + Level 7.3 Dodging
 + Level 9.4 Shields
 + Level 3.7 Invocations
 + Level 3.4 Evocations


You had 9 spell levels left.
You didn't know any spells.

Dungeon Overview and Level Annotations

Branches:
Dungeon (10/15)            Temple (1/1) D:6             Orc (0/2) D:9
   Lair: D:8-11

Altars:
Ashenzari
Cheibriados
Dithmenos
Elyvilon
Fedhas
Gozag
Kikubaaqudgha
Makhleb
Nemelex Xobeh
Okawaru
Pakellas
Qazlal
Ru
Sif Muna
Trog
Vehumet
Xom
Yredelemnul
Zin
The Shining One

Shops:
D:6 %   D:8 }

Annotations:
D:8 jesusflecha's ghost, novice TeFi
D:11 Leafly's ghost, journeyman DsBe


Innate Abilities, Weirdness & Mutations

You reflexively headbutt those who attack you in melee.
You have a pair of horns on your head.


Message History

A necrophage opens the door.
Read which item? (? for menu, Esc to quit)
As you read the scroll of teleportation, it crumbles to dust.
You feel strangely unstable. You block the bat's attack.
The bat closely misses you. You furiously retaliate!
You headbutt the bat!
You kill the bat!
Okawaru accepts your kill. The necrophage completely misses you.
You furiously retaliate!
You headbutt the necrophage! The necrophage hits you.
* * * LOW HITPOINT WARNING * * *
Found a chunk of flesh.
The wolf howls!
Your surroundings suddenly seem different.
An electric eel comes into view.
The electric eel shoots out a bolt of lightning at you!
The bolt of electricity hits you!
* * * LOW HITPOINT WARNING * * *
The bolt of electricity hits you!
You die...

### ###...###
####.......@#
##....≈≈≈≈......#
#####.....≈....;....#
≈≈≈≈..≈≈≈≈≈.≈........#
###≈≈≈≈≈≈≈≈≈≈≈≈≈Z......
.........≈≈....≈≈≈≈≈...≈
#.....≈..≈≈≈≈≈.....≈≈≈≈.
#........≈≈.............
#...####......


You could see an electric eel and a wasp zombie.

Vanquished Creatures
  A hill giant (D:10)
  The ghost of raetorn the Digger, a novice GrEE of Vehumet (D:5)
  A troll (D:9)
  A centaur simulacrum (D:11)
  A water elemental (D:11)
  5 yaks
  A steam dragon (D:10)
  A hippogriff (D:8)
  The ghost of Kiel97 the Magician, an amateur DEEE (D:3)
  A water moccasin (D:9)
  7 orc warriors
  An ice beast (D:5)
  4 sky beasts
  2 phantoms (D:6)
  6 ogres
  A wolf (D:11)
  A centaur (D:10)
  7 giant frogs
  7 scorpions
  10 killer bees
  3 vampire bats (D:7)
  2 howler monkeys (D:5)
  4 crimson imps
  A centaur zombie (D:6)
  2 hounds
  3 jellies
  9 orc priests
  A centaur skeleton (D:6)
  A giant frog skeleton (D:6)
  5 orc wizards
  Jessica (D:2)
  Ijyb (D:2)
  2 iguanas (D:6)
  7 worker ants
  A hound zombie (D:8)
  Robin (D:2)
  3 worker ant zombies
  4 gnolls (D:5)
  A howler monkey skeleton (D:5)
  A river rat (D:11)
  10 adders
  2 shadow imps
  2 oozes
  2 adder skeletons
  2 worms
  3 dart slugs
  7 giant geckos
  44 orcs
  3 ball pythons (D:1)
  19 bats
  3 bat skeletons (D:7)
  3 bat zombies (D:7)
  7 giant cockroaches
  21 goblins
  14 hobgoblins
  11 jackals
  7 kobolds
  3 quokkas
  A giant gecko skeleton (D:5)
  5 giant newts
  2 jackal skeletons (D:5)
  3 rats
287 creatures vanquished.

Vanquished Creatures (others)
  An ice dragon (D:4)
  3 yaks (D:11)
  2 ice beasts (D:11)
  5 sheep (D:11)
  A rat (D:11)
  2 fungi (D:11)
14 creatures vanquished.

Grand Total: 301 creatures vanquished

Notes
Turn   | Place    | Note
--------------------------------------------------------------
     0 | D:1      | Quirk the Minotaur Fighter began the quest for the Orb.
     0 | D:1      | Reached XP level 1. HP: 19/19 MP: 0/0
   302 | D:1      | Reached XP level 2. HP: 27/27 MP: 1/1
   340 | D:1      | Reached skill level 1 in Dodging
   517 | D:1      | Reached XP level 3. HP: 31/33 MP: 2/2
   980 | D:2      | Noticed Ijyb
   998 | D:2      | Killed Ijyb
  1290 | D:2      | Noticed Jessica
  1304 | D:2      | Killed Jessica
  1304 | D:2      | Reached XP level 4. HP: 31/40 MP: 3/3
  1447 | D:2      | Noticed Robin
  1462 | D:2      | Killed Robin
  1731 | D:2      | Reached XP level 5. HP: 44/47 MP: 4/4
  1798 | D:2      | Found a basalt altar of Yredelemnul.
  1895 | D:2      | Found a shadowy altar of Dithmenos.
  2553 | D:3      | Found a white marble altar of Elyvilon.
  2559 | D:3      | Noticed Kiel97's ghost (amateur DEEE)
  2871 | D:3      | Killed Kiel97's ghost
  2871 | D:3      | Reached skill level 5 in Fighting
  2871 | D:3      | Reached skill level 5 in Shields
  2871 | D:3      | Reached XP level 6. HP: 20/56 MP: 5/5
  3526 | D:4      | Found an oddly glowing altar of Pakellas.
  3526 | D:4      | Noticed an ice dragon
  3541 | D:4      | Killed an ice dragon
  3606 | D:4      | Reached skill level 5 in Armour
  3719 | D:4      | Found a sparkling altar of Nemelex Xobeh.
  4165 | D:5      | Entered Level 5 of the Dungeon
  4259 | D:5      | Reached XP level 7. HP: 51/61 MP: 6/6
  4573 | D:5      | Reached skill level 5 in Axes
  4756 | D:5      | Noticed raetorn's ghost (novice GrEE)
  4777 | D:5      | Killed raetorn's ghost
  4777 | D:5      | Reached XP level 8. HP: 20/71 MP: 7/7
  5097 | D:5      | Reached skill level 5 in Dodging
  5450 | D:6      | Found a staircase to the Ecumenical Temple.
  5472 | Temple   | Entered the Ecumenical Temple
  5530 | Temple   | Became a worshipper of Warmaster Okawaru
  5696 | D:6      | Reached XP level 9. HP: 53/79 MP: 8/8
  5709 | D:6      | Found Xofoleju's Food Shop.
  5751 | D:6      | Found a sacrificial altar of Ru.
  5846 | D:6      | Reached * piety under Okawaru
  6483 | D:7      | Reached skill level 1 in Invocations
  6617 | D:7      | Reached skill level 1 in Evocations
  6853 | D:7      | Found an ancient bone altar of Kikubaaqudgha.
  6994 | D:8      | Reached ** piety under Okawaru
  7065 | D:8      | Noticed jesusflecha's ghost (novice TeFi)
  7252 | D:8      | Got a slimy robe
  7342 | D:8      | Found Logafoph's Gadget Shoppe.
  7452 | D:7      | Identified the +0 robe "Kucleg" {MR+ Dex+4} (You found it on level 8 of the Dungeon)
  7555 | D:8      | Reached XP level 10. HP: 88/88 MP: 10/10
  7943 | D:9      | Found a glowing golden altar of the Shining One.
  8149 | D:9      | Reached *** piety under Okawaru
  8400 | D:9      | Found a staircase to the Orcish Mines.
  8443 | D:9      | HP: 3/90 [orc warrior/scimitar (10)]
  8880 | D:10     | Entered Level 10 of the Dungeon
  8880 | D:10     | Noticed a hill giant
  8890 | D:10     | Killed a hill giant
  9023 | D:10     | Reached **** piety under Okawaru
  9438 | D:10     | You fall through a shaft!
  9514 | D:11     | Found a shimmering altar of Xom.
  9522 | D:11     | HP: 4/91 [yak (12)]
  9529 | D:11     | Noticed Leafly's ghost (journeyman DsBe)
  9536 | D:11     | HP: 1/91 [electric eel/bolt of electricity (17)]
  9536 | D:11     | Killed from afar by an electric eel

Skill      XL: |  1  2  3  4  5  6  7  8  9 10 |
---------------+-------------------------------+-----
Dodging        | 1 2 3 4 5 6 7 |  7.3
Fighting       | 4 5 6 7 8 9 |  9.3
Shields        | 4 5 6 7 8 9 |  9.4
Axes           | 3 4 5 6 7 8 |  8.6
Armour         | 4 5 6 7 8 9 |  9.5
Invocations    | 2 3 |  3.7
Evocations     | 1 3 |  3.4

Action                   |  1- 3 |  4- 6 |  7- 9 | 10-12 || total
-------------------------+-------+-------+-------+-------++-------
Melee: War axe           |    83 |   150 |   416 |   102 ||   751
       Headbutt          |    15 |    18 |    73 |    61 ||   167
       Hand axe          |       |       |       |   193 ||   193
  Use: Potion            |       |       |     1 |     2 ||     3
       Scroll            |       |       |       |    15 ||    15
  Eat: Chunk             |     1 |    10 |    11 |     7 ||    29
       Beef jerky        |       |       |       |     2 ||     2
       Pizza             |       |       |       |     1 ||     1
Armor: Scale mail        |    45 |    60 |   130 |       ||   235
       Leather armour    |       |       |     4 |    46 ||    50
Dodge: Dodged            |    30 |    82 |   178 |   113 ||   403
Block: Shield            |    43 |   105 |   269 |   176 ||   593
